 Dungeon Crawl Stone Soup version 0.20.1-1-g8b1a95d66d (webtiles) character file.

5140 Ivernyr the Quickloader (level 10, -3/80 HPs)
             Began as a Deep Dwarf Hunter on Nov 27, 2017.
             Was a Follower of Elyvilon.
             Succumbed to a killer bee's poison
             ... on level 7 of the Dungeon.
             The game lasted 00:41:47 (6830 turns).

Ivernyr the Quickloader (Deep Dwarf Hunter)         Turns: 6830, Time: 00:41:48

Health: -3/80      AC: 12    Str: 19    XL:     10   Next: 33%
Magic:  0/3        EV: 11    Int: 17    God:    Elyvilon [*.....]
Gold:   325        SH:  0    Dex: 13    Spells: 9/9 levels left

rFire    . . .     SeeInvis .   b - +1 battleaxe
rCold    . . .     Gourm    .   (shield currently unavailable)
rNeg     . . .     Faith    .   c - +0 chain mail
rPois    .         Spirit   .   (no helmet)
rElec    .         Reflect  .   r - +0 cloak (curse)
rCorr    .         Harm     .   (no gloves)
MR       +....                  (no boots)
Stlth    ..........             A - amulet of rage
Regen    0.0/turn               (no ring)
MPRegen  0.1/turn               (no ring)

@: brilliant, lethally poisoned (-3 -> -31), non-regenerating
A: damage resistance, heal wounds, sense surroundings 2, no regeneration
a: Heal Wounds, Lesser Healing, Divine Protection, Renounce Religion, Evoke
Berserk Rage


You were on level 7 of the Dungeon.
You worshipped Elyvilon.
Elyvilon was aware of your devotion.
You were very hungry.

You visited 2 branches of the dungeon, and saw 9 of its levels.

You collected 325 gold pieces.

Inventory:

Hand Weapons
 a - a +1 hand crossbow
 b - a +1 battleaxe (weapon)
Missiles
 d - 8 bolts
Armour
 c - a +0 chain mail (worn)
 r - a cursed +0 cloak (worn)
Jewellery
 A - an amulet of rage (around neck)
Wands
 p - a wand of clouds (4/9)
Scrolls
 g - 7 scrolls of identify {unknown}
 j - 2 scrolls of enchant weapon {unknown}
 k - a scroll of magic mapping {unknown}
 n - 6 scrolls of teleportation {unknown}
 q - 3 scrolls of amnesia {unknown}
 u - a scroll of random uselessness {unknown}
 v - a scroll of fog
 w - a scroll of blinking {unknown}
 y - a scroll of recharging {unknown}
 z - 2 scrolls of remove curse {unknown}
Potions
 e - 2 potions of brilliance
 h - 2 potions of haste {unknown}
 l - a potion of invisibility {unknown}
 m - 2 potions of curing {unknown}
 o - 2 potions of heal wounds {unknown}
 s - 2 potions of berserk rage {unknown}
 x - a potion of degeneration {unknown}
 B - a potion of flight {unknown}
 C - 2 potions of lignification {unknown}
 E - a potion of agility {unknown}
Comestibles
 f - 4 bread rations
 i - 4 meat rations
 t - 6 fruits


   Skills:
 - Level 2.0 Fighting
 * Level 12.4 Crossbows
 + Level 8.3 Armour
 - Level 8.0 Dodging
 - Level 1.2 Stealth
 + Level 3.3 Invocations


You had 9 spell levels left.
You didn't know any spells.

Dungeon Overview and Level Annotations

Branches:
Dungeon (8/15)             Temple (1/1) D:6
   Lair: D:8-11

Altars:
Ashenzari
Cheibriados
Dithmenos
Elyvilon
Fedhas
Gozag
Hepliaklqana
Kikubaaqudgha
Nemelex Xobeh
Okawaru
Qazlal
Ru
Uskayaw
Vehumet
Xom
Yredelemnul
Zin
The Shining One

Annotations:
D:7 Erica


Innate Abilities, Weirdness & Mutations

You are resistant to damage.
You can heal yourself by infusing magical energy.
You passively map the area around you.
You do not regenerate.


Message History

The killer bee barely misses you.
Okay, then.
It was a potion of brilliance.
You feel clever all of a sudden.
* * * LOW HITPOINT WARNING * * *
You feel very sick.
The killer bee stings you but does no damage.
The killer bee barely misses you. x2; The killer bee stings you.
* * * LOW HITPOINT WARNING * * *
You are more poisoned.
The killer bee poisons you!
The killer bee stings you but does no damage.
Something hits you but does no damage.
The killer bee stings you but does no damage.
The killer bee closely misses you. Something hits you but does no damage.
The killer bee stings you but does no damage.
Okay, then.
As you read the scroll labeled GIRAMENAAFYI, it crumbles to dust.
The scroll dissolves into smoke.
It was a scroll of fog.
You die...

#...## ..### ### #####
#...####
##....[.############
##.§.................
######..y§{..######.......
# #####.......y@y.##
#####...
####...........§y{.## ###.
...............§.§..# ##
.......#####....#...##
......## ##..####..##
.....## #..# ##..## .....#
#..# ##..## #....# #..#
##..## ##...# ##.# ##..###


You could see 4 killer bees.

Vanquished Creatures
  A two-headed ogre (D:7)
  Joseph (D:7)
  The ghost of monokles the Insei, an amateur DsMo of Uskayaw (D:4)
  Sigmund (D:3)
  Grum (D:8)
  Menkaure (D:7)
  A water moccasin (D:7)
  Duvessa (D:5)
  2 orc warriors
  An ice beast (D:7)
  A black bear (D:7)
  2 wolves (D:7)
  An eye of draining (D:8)
  3 ogres
  2 sky beasts
  5 phantoms
  2 bullfrogs
  Dowan (D:5)
  7 killer bees (D:7)
  A vampire bat (D:5)
  3 wights (D:7)
  2 howler monkeys (D:7)
  A crimson imp (D:6)
  2 bullfrog zombies
  2 hounds
  3 jellies
  5 orc priests
  Crazy Yiuf (D:3)
  A centaur skeleton (D:6)
  4 iguanas
  4 orc wizards
  4 worker ants
  Terence (D:3)
  A hound zombie (D:6)
  A worker ant zombie (D:5)
  3 gnolls (D:3)
  11 adders
  3 shadow imps
  An ooze (D:1)
  An adder skeleton (D:5)
  A worm (D:5)
  3 dart slugs
  3 leopard geckos
  31 orcs
  7 bats
  4 bat skeletons (D:5)
  2 bat zombies (D:5)
  6 giant cockroaches
  4 goblins
  4 hobgoblins
  7 jackals
  A quokka (D:6)
  2 ball pythons
  10 frilled lizards
  7 kobolds
  A leopard gecko skeleton (D:4)
  7 rats
190 creatures vanquished.

Vanquished Creatures (others)
  A centaur zombie (D:8)
  A quokka (D:8)
2 creatures vanquished.

Grand Total: 192 creatures vanquished

Notes
Turn   | Place    | Note
-------+----------+-------------------------------------------
     0 | D:1      | Ivernyr the Deep Dwarf Hunter began the quest for the Orb.
     0 | D:1      | Reached XP level 1. HP: 19/19 MP: 1/1
   279 | D:1      | Reached XP level 2. HP: 20/26 MP: 2/2
   432 | D:1      | Reached skill level 5 in Crossbows
   541 | D:1      | Reached XP level 3. HP: 22/32 MP: 3/3
  1374 | D:2      | Found a snail-covered altar of Cheibriados.
  1688 | D:3      | Found a shimmering altar of Xom.
  1688 | D:3      | Found a shimmering altar of Xom.
  1688 | D:3      | Found a shimmering altar of Xom.
  1697 | D:3      | Reached skill level 1 in Armour
  1719 | D:3      | Reached XP level 4. HP: 26/39 MP: 4/4
  1735 | D:3      | Found a shimmering altar of Xom.
  1735 | D:3      | Found a shimmering altar of Xom.
  1735 | D:3      | Found a shimmering altar of Xom.
  1735 | D:3      | Found a shimmering altar of Xom.
  1981 | D:3      | Reached XP level 5. HP: 37/45 MP: 5/5
  2085 | D:3      | Reached skill level 6 in Crossbows
  2099 | D:3      | Noticed Terence
  2119 | D:3      | Killed Terence
  2213 | D:3      | HP: 2/45 [orc priest/flail (6)]
  2223 | D:3      | Reached XP level 6. HP: 44/52 MP: 4/4
  2230 | D:3      | Noticed Sigmund
  2258 | D:3      | Killed Sigmund
  2258 | D:3      | Reached skill level 7 in Crossbows
  2345 | D:3      | Found a runed door.
  2350 | D:3      | Noticed Crazy Yiuf
  2356 | D:3      | Killed Crazy Yiuf
  2794 | D:4      | Reached XP level 7. HP: 21/60 MP: 5/5
  2923 | D:4      | Noticed monokles's ghost (amateur DsMo)
  2940 | D:4      | Killed monokles's ghost
  2940 | D:4      | Reached skill level 8 in Crossbows
  2940 | D:4      | Reached skill level 5 in Dodging
  3129 | D:4      | Found a glowing golden altar of the Shining One.
  3332 | D:4      | Reached XP level 8. HP: 45/67 MP: 6/6
  3380 | D:5      | Entered Level 5 of the Dungeon
  3568 | D:5      | Found a shattered altar of Ashenzari.
  3748 | D:5      | Reached skill level 5 in Armour
  3755 | D:5      | Found a sacrificial altar of Ru.
  3816 | D:5      | Found an ancient bone altar of Kikubaaqudgha.
  3927 | D:5      | Reached skill level 9 in Crossbows
  4160 | D:5      | Noticed Duvessa
  4160 | D:5      | Noticed Dowan
  4178 | D:5      | Killed Duvessa
  4188 | D:5      | Killed Dowan
  4649 | D:6      | Found a staircase to the Ecumenical Temple.
  4658 | Temple   | Entered the Ecumenical Temple
  4719 | Temple   | Became a worshipper of Elyvilon the Healer
  4904 | D:6      | Reached skill level 10 in Crossbows
  5086 | D:6      | Gained mutation: You passively map the area around you. [Deep Dwarf growth]
  5086 | D:6      | Reached XP level 9. HP: 31/73 MP: 5/5
  5644 | D:7      | Noticed Menkaure
  5650 | D:7      | Killed Menkaure
  5650 | D:7      | Reached skill level 11 in Crossbows
  5679 | D:7      | Noticed a hand axe
  5679 | D:7      | Found a hide-covered altar of Uskayaw.
  5680 | D:7      | Noticed a dagger
  5764 | D:7      | Noticed Joseph
  5782 | D:7      | Killed Joseph
  5870 | D:7      | Reached * piety under Elyvilon
  6335 | D:8      | Noticed Grum
  6366 | D:7      | Reached skill level 1 in Invocations
  6366 | D:7      | Reached XP level 10. HP: 6/80 MP: 1/1
  6415 | D:8      | Killed Grum
  6436 | D:8      | Reached skill level 12 in Crossbows
  6441 | D:8      | Noticed Erica
  6517 | D:8      | Noticed a two-headed ogre
  6622 | D:7      | Killed a two-headed ogre
  6829 | D:7      | HP: 3/80 [poisoned by a killer bee]
  6829 | D:7      | HP: 1/80 [killer bee (2)]
  6830 | D:7      | Succumbed to a killer bee's poison

Skill      XL: |  1  2  3  4  5  6  7  8  9 10 |
---------------+-------------------------------+-----
Fighting       | 2 |  2.0
Crossbows      | 5 6 7 8 10 11 12 | 12.4
Armour         | 1 2 3 4 6 7 8 |  8.3
Dodging        | 3 4 5 6 8 |  8.0
Invocations    | 1 3 |  3.3
Stealth        | |  1.2

Action                   |  1- 3 |  4- 6 |  7- 9 | 10-12 || total
-------------------------+-------+-------+-------+-------++-------
Melee: Short sword       |    14 |       |       |       ||    14
       Hand axe          |   128 |   117 |   181 |       ||   426
       War axe           |       |       |   190 |       ||   190
       Battleaxe         |       |       |   109 |    44 ||   153
       Hand crossbow     |       |       |     1 |       ||     1
 Fire: Hand crossbow     |    11 |    50 |   176 |    53 ||   290
Invok: Lesser Healing    |       |       |       |    14 ||    14
 Abil: Heal Wounds       |     1 |     7 |    24 |    14 ||    46
       Evoke Berserk Rag |       |       |     1 |       ||     1
  Use: Scroll            |       |       |       |     1 ||     1
       Potion            |       |       |       |     1 ||     1
 Stab: Sleeping          |     3 |       |     1 |       ||     4
  Eat: Chunk             |     2 |     4 |    14 |     1 ||    21
       Fruit             |       |       |       |     2 ||     2
Armor: Leather armour    |    50 |    32 |     6 |       ||    88
       Chain mail        |       |       |   447 |   134 ||   581
Dodge: Dodged            |   113 |    97 |   502 |   158 ||   870
